 Dungeon Crawl Stone Soup version 0.17.1-2-g5865329 (webtiles) character file.

310 xeno23 the Skirmisher (level 6, -8/49 HPs)
             Began as a Demonspawn Abyssal Knight on Feb 12, 2016.
             Was a Believer of Lugonu.
             Mangled by an ogre
             ... wielding a +0 giant spiked club
              (17 damage)
             ... on level 5 of the Dungeon.
             The game lasted 00:15:51 (4538 turns).

xeno23 the Skirmisher (Demonspawn Abyssal Knight)   Turns: 4538, Time: 00:15:51

Health: -8/49      AC: 10    Str: 14    XL:     6   Next: 17%
Magic:  9/9        EV:  7    Int: 14    God:    Lugonu [**....]
Gold:   208        SH:  0    Dex: 14    Spells: 0 memorised, 5 levels left

rFire  + . .     SeeInvis .     h - -2 hunting sling (curse)
rCold  + . .     Clarity  .     y - +1 chain mail
rNeg   . . .     SustAt   .     (no shield)
rPois  .         Gourm    .     (no helmet)
rElec  .         Spirit   .     (no cloak)
rCorr  .         Warding  .     (no gloves)
rMut   .         Stasis   +     (no boots)
MR     .....                    G - amulet of stasis
Stlth  ..........               E - ring of protection from cold
                                q - ring of protection from fire

@: not resistant to hostile enchantments, extremely unstealthy
A: talons 1, thin skeletal structure 1, rot immunity
a: Depart the Abyss, Bend Space, Renounce Religion


You were on level 5 of the Dungeon.
You worshipped Lugonu.
Lugonu was pleased with you.
You were not hungry.

You visited 1 branch of the dungeon, and saw 5 of its levels.
You visited the Abyss 1 time.

You collected 208 gold pieces.

Inventory:

Hand Weapons
 a - a +2 halberd of freezing
 h - a cursed -2 hunting sling (weapon)
 l - a +0 hunting sling
 r - a +0 flail
Missiles
 f - 3 sling bullets (quivered)
Armour
 y - a +1 chain mail (worn)
Jewellery
 q - a ring of protection from fire (left hand)
 E - a ring of protection from cold (right hand)
 G - an amulet of stasis (around neck)
Wands
 u - a wand of polymorph (17)
 z - a wand of frost (29)
Scrolls
 e - a scroll of enchant armour
 j - a scroll of magic mapping
 p - 3 scrolls of immolation
 s - 4 scrolls of teleportation
 t - a scroll of identify
Potions
 b - 2 potions of cure mutation {unknown}
 d - a potion of lignification {unknown}
 g - a potion of ambrosia {unknown}
 i - 2 potions of resistance {unknown}
 o - a potion of agility {unknown}
 v - 2 potions of heal wounds {unknown}
 w - 2 potions of invisibility {unknown}
 x - a potion of degeneration {unknown}
 D - 2 potions of cancellation {unknown}
 F - a potion of brilliance {unknown}
 H - a potion of berserk rage {unknown}
Comestibles
 c - 2 bread rations
 m - a beef jerky
 A - a royal jelly
 B - 2 meat rations


   Skills:
 * Level 4.5 Fighting
 - Level 2.5 Maces & Flails
 * Level 1.9 Polearms
 + Level 2.8 Armour
 + Level 2.1 Dodging
 + Level 4.0 Invocations


You had 5 spell levels left.
You didn't know any spells.

Dungeon Overview and Level Annotations

Branches:
Dungeon (5/15)
 Temple: D:4-7

Altars:
Elyvilon
Nemelex Xobeh
Okawaru
Xom
Zin
The Shining One


Innate Abilities, Weirdness & Mutations

You have sharp toenails.
You have a somewhat thin skeletal structure (Dex +2, Stealth).
You are immune to rotting.


Message History

The giant newt barely misses you.
You see here 4 gold pieces.
The shadow imp gestures at you. Pain shoots through your body!
You take 6 damage.
There is a stone staircase leading down here.
The shadow imp hits you but does no damage.
Found a stone staircase leading down.
The shadow imp gestures at you. Pain shoots through your body!
* * * LOW HITPOINT WARNING * * *
The giant newt barely misses you.
You take 14 damage.
Found an encrusted spear.
The giant newt hisses menacingly.
An ogre comes into view. It is wielding a giant spiked club.
The ogre shouts!
The ogre moves out of view.
The ogre hits you with a giant spiked club!
You die...

##########
##........##
#......)...#
#.....@...#
#####.#O..#
#l#.#.### #.#......
#o#...##.. ##
#.......## .##
#5#o..#.####..####
#.#...#.......(..##
#.#>#.......#.....#


You could see an ogre, a shadow imp, 2 orcs and a giant newt.

Vanquished Creatures
  2 hounds
  2 orc wizards (D:4)
  An orc priest (D:3)
  4 adders
  3 gnolls (D:2)
  An adder skeleton (D:4)
  3 worms
  A giant gecko (D:2)
  14 orcs
  A ball python (D:2)
  10 bats
  4 goblins
  6 hobgoblins
  8 jackals
  10 kobolds
  2 quokkas
  A giant cockroach (D:1)
  2 giant newts (D:4)
  5 rats
80 creatures vanquished.

Notes
Turn   | Place    | Note
--------------------------------------------------------------
     0 | Abyss:1  | xeno23 the Demonspawn Abyssal Knight began the quest for the Orb.
     0 | Abyss:1  | Reached XP level 1. HP: 18/18 MP: 2/2
    75 | Abyss:1  | Noticed a smoke demon
    77 | Abyss:1  | Noticed a raiju
    78 | Abyss:1  | Noticed a purple very ugly thing
    79 | D:1      | Escaped the Abyss
   479 | D:1      | Reached * piety under Lugonu
   503 | D:1      | Gained mutation: You are immune to rotting. [demonic ancestry]
   503 | D:1      | Reached XP level 2. HP: 24/24 MP: 3/3
   506 | D:1      | Reached skill level 1 in Dodging
  1381 | D:2      | Reached XP level 3. HP: 9/29 MP: 5/5
  1771 | D:2      | Found a shimmering altar of Xom.
  1771 | D:2      | Found a glowing golden altar of the Shining One.
  1772 | D:2      | Found a glowing silver altar of Zin.
  1982 | D:2      | HP: 1/29 [gnoll/halberd of freezing (7)]
  2348 | D:2      | Reached ** piety under Lugonu
  2348 | D:2      | Gained mutation: You have a somewhat thin skeletal structure (Dex +2, Stealth). [demonic ancestry]
  2348 | D:2      | Reached XP level 4. HP: 35/35 MP: 6/6
  2461 | D:2      | Found a white marble altar of Elyvilon.
  3079 | D:3      | Reached skill level 1 in Polearms
  3079 | D:3      | Reached XP level 5. HP: 34/42 MP: 7/7
  3201 | D:3      | Reached skill level 4 in Fighting
  3735 | D:4      | You fall through a shaft!
  3735 | D:5      | Entered Level 5 of the Dungeon
  3909 | D:4      | Found a sparkling altar of Nemelex Xobeh.
  3909 | D:4      | Found an iron altar of Okawaru.
  4055 | D:4      | Gained mutation: You have sharp toenails. [demonic ancestry]
  4055 | D:4      | Reached XP level 6. HP: 34/49 MP: 8/8
  4073 | D:4      | Reached *** piety under Lugonu
  4443 | D:5      | Found an iron altar of Okawaru.
  4537 | D:5      | Noticed an ogre
  4538 | D:5      | Mangled by an ogre

Action                   |  1- 3 |  4- 6 || total
-------------------------+-------+-------++-------
Melee: Mace              |   107 |       ||   107
       Flail             |     2 |       ||     2
       Halberd           |       |   186 ||   186
       Hunting sling     |       |     5 ||     5
 Fire: Hunting sling     |     8 |    11 ||    19
Invok: Depart the Abyss  |     1 |       ||     1
       Banish            |       |     1 ||     1
  Use: Scroll            |     1 |     8 ||     9
 Stab: Sleeping          |     1 |       ||     1
  Eat: Chunk             |     5 |     7 ||    12
